 Dungeon Crawl Stone Soup version 0.30-a0-743-gbfdf073431 (webtiles) character file.

Game seed: 4884955117057552921

13259 sokol815 the Frost Mage (level 11, -6/89 HPs)
             Began as a Demigod Fighter on Feb 5, 2023.
             Killed by divine providence
             ... invoked by a meliai
              (12 damage)
             ... in a Gauntlet.
             The game lasted 00:32:35 (13425 turns).

sokol815 the Frost Mage (Demigod Fighter)          Turns: 13425, Time: 00:32:35

Health: -6/89      AC: 16    Str: 16    XL:     11   Next: 45%
Magic:  9/14       EV: 10    Int: 18    God:
Gold:   517        SH: 12    Dex: 21    Spells: 3/10 levels left

rFire   . . .      SeeInvis +    a - +7 dagger "Cyix" {flame, rElec Dex+2 SInv}
rCold   . . .      Faith    .    c - +1 buckler
rNeg    + . .      Spirit   .    q - +5 ring mail "Bucoanacwi" {rN+ Dex+2 Slay+2}
rPois   +          Reflect  +    (no helmet)
rElec   +          Harm     .    M - +3 cloak of Trumpets {rPois Str-5 Int+4 SInv}
rCorr   .          Rampage  .    Q - +0 pair of gloves
Will    +....      NoTele   +    (no boots)
Stlth   ++                       R - amulet of reflection
HPRegen 0.34/turn                r - ring of see invisible {sInv, !d}
MPRegen 0.14/turn                (no ring)

@: hasted, very quick
A: high MP 1, forlorn, divine attributes
a: no special abilities


You were in a Gauntlet.
You visited 2 branches of the dungeon, and saw 12 of its levels.
You also visited: Gauntlet.

You collected 660 gold pieces.
You spent 143 gold pieces at shops.

Inventory:

Hand Weapons
 a - the +7 dagger "Cyix" (weapon) {flame, rElec Dex+2 SInv}
   (You found it on level 3 of the Dungeon)

   Dex:       It affects your dexterity (+2).
   rElec:     It insulates you from electricity.
   SInv:      It lets you see invisible.
 d - a +2 hand axe of electrocution
   (You found it on level 7 of the Dungeon)
 e - the +7 lajatang of Untruth {antimagic, *Rage rElec Dex+2}
   (You found it on level 1 of the Lair of Beasts)

   Dex:       It affects your dexterity (+2).
   rElec:     It insulates you from electricity.
   *Rage:     It berserks you when you make melee attacks (+20% chance).
 o - a +1 spear of flaming
   (You took it off a gnoll on level 6 of the Dungeon)
 C - a +3 falchion of distortion {!w}
   (You found it on level 6 of the Dungeon)
Missiles
 g - 14 poisoned darts
 n - 6 throwing nets {!d}
 s - 4 stones
 t - 7 curare-tipped darts
 w - 10 atropa-tipped darts
 A - 2 javelins
 I - 7 boomerangs
 W - 4 datura-tipped darts
Armour
 c - a +1 buckler (worn)
 i - +2 steam dragon scales
   (You took it off Maggie on level 7 of the Dungeon)
 p - a +1 leather armour of fire resistance
   (You took it off a gnoll bouda on level 7 of the Dungeon)
 q - the +5 ring mail "Bucoanacwi" (worn) {rN+ Dex+2 Slay+2}
   (You found it on level 3 of the Dungeon)

   Dex:       It affects your dexterity (+2).
   Slay:      It affects your accuracy & damage with ranged weapons and melee
   (+2).
   rN:        It protects you from negative energy.
 u - a +2 robe of willpower
   (You took it off Erolcha on level 9 of the Dungeon)
 M - the +3 cloak of Trumpets (worn) {rPois Str-5 Int+4 SInv}
   (You found it on level 8 of the Dungeon)

   Str:       It affects your strength (-5).
   Int:       It affects your intelligence (+4).
   rPois:     It protects you from poison.
   SInv:      It lets you see invisible.
 Q - a +0 pair of gloves (worn)
   (You found it on level 8 of the Dungeon)
Jewellery
 r - a ring of see invisible (left hand) {sInv, !d}
   (You found it on level 3 of the Dungeon)
 R - an amulet of reflection (around neck)
   (You found it on level 10 of the Dungeon)
Scrolls
 k - 3 scrolls of amnesia
 D - 4 scrolls of blinking {!r}
 E - 2 scrolls of fear
 O - a scroll of silence
 S - 2 scrolls of enchant armour
 V - 2 scrolls of vulnerability {!r!r}
 X - 3 scrolls of magic mapping {@r4!r}
 Y - a scroll of teleportation {@r3}
 Z - 3 scrolls of fog
Potions
 b - a potion of resistance {unknown}
 h - 2 potions of cancellation
 B - 6 potions of brilliance
 F - a potion of invisibility {unknown}
 G - a potion of ambrosia {!q}
 J - 2 potions of curing {@q1}
 L - 3 potions of flight
 P - 2 potions of lignification {!q}
 U - 3 potions of mutation {!q}
Miscellaneous
 v - a lightning rod (4/4)
   (You found it on level 9 of the Dungeon)


   Skills:
 - Level 6.0 Fighting
 - Level 10.0 Short Blades
 - Level 2.9 Axes
 - Level 6.0 Armour
 + Level 4.1 Stealth
 - Level 6.0 Shields
 * Level 10.1 Ice Magic


You had 3 spell levels left.
You knew the following spells:

 Your Spells              Type           Power      Damage    Failure   Level
a - Ozocubu's Refrigerat  Ice            18%        4d11      100%        7

Your spell library contained the following spells:

 Spells                   Type           Power      Damage    Failure   Level
 Ozocubu's Armour         Ice            36%        N/A       2%          3
 Foxfire                  Conj/Fire      0%         2x1d4     45%         1
 Kiss of Death            Conj/Necr      0%         2d5       45%         1
 Blink                    Tloc           0%         N/A       58%         2
 Lesser Beckoning         Tloc           0%         N/A       58%         2
 Momentum Strike          Conj/Tloc      0%         3d8       58%         2
 Confusing Touch          Hex            0%         N/A       83%         3
 Vhi's Electric Charge    Tloc/Air       0%         N/A       83%         3
 Anguish                  Hex/Necr       0%         N/A       99%         4
 Animate Dead             Necr           0%         N/A       99%         4
 Dispel Undead            Necr           0%         3d6       99%         4
 Manifold Assault         Tloc           0%         N/A       99%         4
 Arcjolt                  Conj/Air       0%         1d10      100%        5
 Fireball                 Conj/Fire      0%         3d3       100%        5
 Starburst                Conj/Fire      0%         6d3       100%        6
 Storm Form               Tmut/Air       0%         N/A       100%        7
 Summon Hydra             Summ           0%         N/A       100%        7
 Maxwell's Capacitive Co  Air            0%         ∞         100%        8


Dungeon Overview and Level Annotations

Branches:
Dungeon (10/15) Zot: 25661  Temple (0/1) D:7            Lair (2/5) D:8 Zot: 10865
  Snake (0/4) Lair:2      Gauntlet (1/1) Zot: 5452
  Swamp: Lair:2-3    Shoals: Lair:2-3       Orc: D:9-12

Shops:
D:4 *   D:6 :   D:10 *

Portals:
Abyss: D:4

Annotations:
D:4 2 transporters, cforsyth's ghost, amateur TeFE
D:6 3 runed translucent doors, Monkooky's ghost, novice HuAr; sokol815's ghost, amateur DgHu
D:9 3 runed translucent doors, jejorda2's ghost, novice MfBe Gauntlet 9 transporters, 2 runed translucent doors


Innate Abilities, Weirdness & Mutations

You have an increased reservoir of magic. (+10% MP)
You shall have no god before yourself.
Your divine heritage dramatically boosts your attributes as you level up.


Message History

You block the meliai's attack.
The meliai stings you but does no damage.
The meliai attacks as you move away! The meliai misses you.
You block the meliai's attack.
The meliai invokes the aid of its god against you.
Something smites you!
The hell beast croaks, "Quit lest death find thee!"
You take 12 damage, and have 77/89 hp.
You barely miss the meliai. The meliai hits you with a +4 hand axe.
The meliai stings you but does no damage.
You take 1 damage, and have 76/89 hp.
You closely miss the meliai. The meliai barely misses you.
You block the meliai's attack. The meliai hits you but does no damage.
You block the meliai's attack.
The meliai invokes the aid of its god against you.
Something smites you! You block the meliai's attack. x3
The meliai stings you but does no damage.
You see here the ring "Goenoif" {rElec rPois rCorr EV+5 Str-5}.
You take 11 damage, and have 66/89 hp.
The meliai attacks as you move away! You block the meliai's attack. x2
The meliai closely misses you. You block the meliai's attack.
The meliai attacks as you move away! The meliai hits you but does no damage.
The meliai stings you but does no damage.
The meliai hits you with a +2 antimagic war axe!
You feel your power leaking away.
The meliai stings you but does no damage.
You take 9 damage, and have 58/89 hp.
You now have 8/14 mp.
Unknown command.
You puncture the meliai! You burn the meliai. The meliai closely misses you.
You block the meliai's attack.
You hit the meliai. You burn the meliai. You block the meliai's attack.
The meliai stings you but does no damage.
The meliai closely misses you. You block the meliai's attack.
You puncture the meliai! You burn the meliai.
You kill the meliai!
Your Stealth skill increases to level 4!
Your Ice Magic skill increases to level 10!
You barely miss the meliai. The meliai closely misses you. x2
You hit the meliai. You burn the meliai.
The meliai hits you with a +0 broad axe!
You block the meliai's attack.
You take 8 damage, and have 51/89 hp.
You hit the meliai. You burn the meliai.
The meliai mumbles some strange prayers to its god against you.
Something smites you!
You take 7 damage, and have 44/89 hp.
You closely miss the meliai. You block the meliai's attack. x2
You hit the meliai. You burn the meliai.
The meliai hits you but does no damage. You block the meliai's attack.
You barely miss the meliai.
The meliai hits you with a +0 broad axe!
You block the meliai's attack.
The meliai calls upon its god to heal the meliai.
The meliai is healed somewhat.
You take 15 damage, and have 29/89 hp.
You closely miss the meliai.
The meliai hits you with a +0 broad axe!
* * * LOW HITPOINT WARNING * * *
You block the meliai's attack.
You take 7 damage, and have 22/89 hp.
You hit the meliai. You burn the meliai. The meliai misses you.
You block the meliai's attack.
You hit the meliai. You burn the meliai.
The meliai invokes the aid of its god against you.
Something smites you!
* * * LOW HITPOINT WARNING * * *
The meliai barely misses you.
The meliai stings you but does no damage.
You take 12 damage, and have 10/89 hp.
You feel much better.
The meliai invokes the aid of its god against you.
Something smites you! The meliai hits you but does no damage.
The meliai stings you but does no damage.
The meliai calls upon its god to heal the meliai.
The meliai is healed somewhat.
You regained 18 hp, and now have 28/89 hp.
You feel yourself speed up. You block the meliai's attack.
The meliai closely misses you. x2; The meliai stings you!
* * * LOW HITPOINT WARNING * * *
You take 8 damage, and have 20/89 hp.
You hit the meliai. You burn the meliai. You hit the meliai.
You burn the meliai.
The meliai hits you with a +0 broad axe.
* * * LOW HITPOINT WARNING * * *
The meliai barely misses you.
You take 5 damage, and have 15/89 hp.
You puncture the meliai! You burn the meliai.
You kill the meliai!
You miss the meliai. You hit the meliai. You burn the meliai.
The meliai hits you with a +4 hand axe!
* * * LOW HITPOINT WARNING * * *
The meliai stings you but does no damage.
You take 9 damage, and have 6/89 hp.
You hit the meliai. You burn the meliai. You block the meliai's attack.
The meliai stings you but does no damage.
You hit the meliai. You burn the meliai.
The meliai invokes the aid of its god against you.
Something smites you!
You die...

#############
#§#≈#≈#≈#≈#≈###
##...........#≈### #
#≈.............#≈# #
##..#########....### ###
#≈..#.y@....#.....≈# #§.
##..#=###.######..## ##§
#≈..#..#...##..#..≈# #≈.
##§.#©.#©#.##©.#..## ##§
#§..#[...#..#..#..≈###§.
##..#.#.###.#..#..##≈##. ##
#≈..#.......#..#........
#.###..#########..#........
#..##..........#..#########


You could see a meliai.

Vanquished Creatures
  Erolcha (D:9)
  A slime creature (Gauntlet)
  A black mamba (Lair:1)
  Maggie (D:7)
  2 cane toads (Lair:1)
  An unseen horror zombie (D:9)
  A troll (D:10)
  2 meliai (Gauntlet)
  3 blink frogs (Lair:1)
  A wyvern (D:7)
  Grum (D:9)
  17 yaks
  Eustachio (D:4)
  Menkaure (D:5)
  3 steam dragons
  3 swamp worms (Gauntlet)
  5 water moccasins
  Duvessa (D:6)
  2 sky beasts
  4 black bears
  2 orc warriors (D:8)
  3 ogres
  6 wolves
  5 centaurs
  4 kobold brigands
  Blork the orc (D:5)
  11 bullfrogs
  3 scorpions
  5 wights (D:8)
  Dowan (D:6)
  10 killer bees
  4 howler monkeys
  An electric eel (Lair:1)
  3 hounds
  2 jellies (Gauntlet)
  7 orc priests
  3 gnoll boudas (D:7)
  6 iguanas
  6 orc wizards
  A howler monkey zombie (D:9)
  4 adders
  24 gnolls
  2 shadow imps
  3 white imps
  2 ufetubi
  A dart slug (D:2)
  42 orcs
  2 ball pythons
  8 endoplasms
  5 giant cockroaches
  7 goblins
  10 hobgoblins
  5 jackals
  21 kobolds
  3 quokkas
  5 bats (D:2)
  6 frilled lizards
  7 rats
293 creatures vanquished.

Vanquished Creatures (others)
  16 fungi
  25 plants
41 creatures vanquished.

Grand Total: 334 creatures vanquished

Notes
Turn   | Place    | Note
-------+----------+-------------------------------------------
     0 | D:1      | sokol815 the Demigod Fighter began the quest for the Orb.
     0 | D:1      | Reached XP level 1. HP: 18/18 MP: 3/3
    95 | D:1      | Reached skill level 2 in Axes
   187 | D:1      | Reached XP level 2. HP: 19/25 MP: 4/4
   613 | D:1      | Reached skill level 3 in Fighting
   668 | D:2      | Reached skill level 3 in Armour
   668 | D:2      | Reached skill level 3 in Shields
   668 | D:2      | Reached XP level 3. HP: 31/31 MP: 5/5
   890 | D:2      | HP: 6/31 [poisoned by a kobold]
   898 | D:2      | HP: 7/31 [poisoned by a kobold]
  1578 | D:3      | Identified the +7 dagger "Cyix" {flame, rElec Dex+2 SInv}
  1608 | D:3      | Reached XP level 4. HP: 38/38 MP: 6/6
  1793 | D:3      | Identified the +5 ring mail "Bucoanacwi" {rN+ Dex+2 Slay+2}
  1980 | D:3      | Reached skill level 1 in Short Blades
  2050 | D:3      | HP: 8/38 [gnoll/+0 flail (4)]
  2052 | D:3      | Reached XP level 5. HP: 10/45 MP: 7/7
  2534 | D:4      | Reached skill level 2 in Short Blades
  2617 | D:4      | Found a transporter.
  2633 | D:4      | Noticed cforsyth's ghost (amateur TeFE)
  2638 | D:4      | Noticed a small abomination
  2687 | D:4      | Found a transporter.
  2687 | D:4      | Found a one-way gate to the infinite horrors of the Abyss.
  2752 | D:4      | Identified the +1 mace of Suhism {antimagic, rPois Will+
                  | Dex+3}
  2879 | D:4      | Noticed an ogre
  2888 | D:4      | Killed an ogre
  2889 | D:4      | Reached XP level 6. HP: 52/52 MP: 8/8
  2917 | D:4      | Found Gynt's General Store.
  2922 | D:4      | Bought a scroll of teleportation for 33 gold pieces
  2922 | D:4      | Bought a scroll of identify for 22 gold pieces
  2922 | D:4      | Bought a scroll of fear for 44 gold pieces
  2922 | D:4      | Bought a scroll of vulnerability for 44 gold pieces
  3213 | D:4      | Reached skill level 3 in Short Blades
  3322 | D:5      | Entered Level 5 of the Dungeon
  3452 | D:5      | Noticed Eustachio
  3462 | D:4      | Reached skill level 4 in Fighting
  3462 | D:4      | Reached skill level 4 in Armour
  3462 | D:4      | Reached skill level 4 in Shields
  3479 | D:4      | Killed Eustachio
  3480 | D:4      | Reached XP level 7. HP: 54/59 MP: 9/9
  3611 | D:5      | Noticed Blork the orc
  3623 | D:5      | Killed Blork the orc
  3624 | D:5      | Reached skill level 4 in Short Blades
  3787 | D:5      | Noticed Menkaure
  3796 | D:5      | Killed Menkaure
  4255 | D:6      | Reached skill level 5 in Short Blades
  4255 | D:6      | Reached XP level 8. HP: 43/67 MP: 10/10
  4462 | D:6      | Noticed Dowan
  4469 | D:6      | Noticed Duvessa
  4504 | D:6      | Killed Duvessa
  4505 | D:6      | Reached skill level 5 in Armour
  4505 | D:6      | Reached skill level 5 in Shields
  4508 | D:6      | Killed Dowan
  4509 | D:6      | Reached skill level 5 in Fighting
  4654 | D:6      | Found a runed translucent gate.
  4655 | D:6      | Found a runed translucent gate.
  4656 | D:6      | Found a runed translucent gate.
  4658 | D:6      | Noticed sokol815's ghost (amateur DgHu)
  4658 | D:6      | Noticed Monkooky's ghost (novice HuAr)
  4841 | D:6      | Found Ununnimo's Book Boutique.
  4982 | D:6      | Reached skill level 6 in Short Blades
  5340 | D:7      | Learned a level 7 spell: Ozocubu's Refrigeration
  5374 | D:7      | Reached skill level 1 in Ice Magic
  5374 | D:7      | HP: 15/69 [yak (12)]
  5377 | D:7      | Reached XP level 9. HP: 17/74 MP: 11/11
  5582 | D:7      | Noticed Maggie
  6084 | D:7      | Reached skill level 2 in Ice Magic
  6475 | D:7      | Killed Maggie
  6476 | D:7      | Reached skill level 7 in Short Blades
  6748 | D:7      | Found a staircase to the Ecumenical Temple.
  6840 | D:7      | Reached skill level 6 in Fighting
  6840 | D:7      | Reached skill level 3 in Ice Magic
  6856 | D:7      | Reached skill level 6 in Armour
  6856 | D:7      | Reached skill level 6 in Shields
  7038 | D:8      | Reached skill level 4 in Ice Magic
  7250 | D:6      | HP: 13/75 [yak (9)]
  7542 | D:8      | Reached skill level 8 in Short Blades
  7558 | D:8      | Reached skill level 5 in Ice Magic
  7676 | D:8      | HP: 16/75 [steam dragon/ball of steam (18)]
  7681 | D:8      | HP: 13/75 [orc wizard/puff of flame (5)]
  7694 | D:7      | Reached XP level 10. HP: 40/83 MP: 13/13
  8148 | D:8      | Got the Volume of Mustering and Wicked Secrets
  8616 | D:8      | Found a staircase to the Lair.
  8943 | D:8      | Identified the +3 cloak of Trumpets {rPois Str-5 Int+4
                  | SInv}
  9342 | D:8      | Reached skill level 6 in Ice Magic
  9495 | D:9      | Found a runed translucent gate.
  9495 | D:9      | Found a runed translucent gate.
  9495 | D:9      | Found a runed translucent gate.
  9495 | D:9      | Noticed jejorda2's ghost (novice MfBe)
  9562 | D:9      | Reached skill level 9 in Short Blades
  9638 | D:9      | Reached skill level 7 in Ice Magic
  9847 | D:9      | Noticed Grum
  9863 | D:9      | Killed Grum
  9929 | D:9      | Noticed Erolcha
  9945 | D:9      | Killed Erolcha
 10289 | D:10     | Entered Level 10 of the Dungeon
 10463 | D:10     | Found Sucly's Overcharged Wands.
 10568 | D:10     | Reached skill level 10 in Short Blades
 10657 | D:10     | Noticed a +0 spear
 10657 | D:10     | Noticed a +0 dagger
 10657 | D:10     | Noticed a +0 dagger
 10658 | D:10     | Noticed a +0 spear
 10658 | D:10     | Noticed a +0 falchion
 10658 | D:10     | Noticed a +0 falchion
 10659 | D:10     | Noticed a +0 short sword
 10660 | D:10     | Noticed a +0 short sword
 11042 | D:10     | Reached skill level 8 in Ice Magic
 11656 | Lair:1   | Entered Level 1 of the Lair of Beasts
 11672 | Lair:1   | Noticed a black mamba
 11683 | Lair:1   | Killed a black mamba
 11770 | Lair:1   | Reached XP level 11. HP: 84/89 MP: 14/14
 11951 | Lair:1   | Reached skill level 1 in Stealth
 12088 | Lair:1   | Upgraded the game from 0.30-a0-739-gea05faddec to
                  | 0.30-a0-743-gbfdf073431
 12212 | Lair:1   | Identified the +7 lajatang of Untruth {antimagic, *Rage
                  | rElec Dex+2}
 12276 | Lair:1   | Reached skill level 2 in Stealth
 12342 | Lair:1   | Reached skill level 9 in Ice Magic
 12795 | Lair:2   | Reached skill level 3 in Stealth
 12837 | Lair:2   | Found a gate leading to a gauntlet.
 12847 | Gauntlet | Entered a Gauntlet
 12847 | Gauntlet | Found a transporter.
 12847 | Gauntlet | Found a transporter.
 12851 | Gauntlet | Noticed a fire crab
 12853 | Gauntlet | Found a transporter.
 12855 | Gauntlet | Found a transporter.
 12855 | Gauntlet | Found a transporter.
 12858 | Gauntlet | Found a transporter.
 12895 | Gauntlet | Found a transporter.
 12897 | Gauntlet | Found a transporter.
 12897 | Gauntlet | Found a transporter.
 12902 | Gauntlet | Found a runed translucent door.
 12902 | Gauntlet | Noticed a dire elephant
 12907 | Gauntlet | Found a runed translucent door.
 12909 | Gauntlet | Found a transporter.
 12922 | Gauntlet | Noticed a hell beast
 12925 | Gauntlet | Found a transporter.
 12935 | Gauntlet | Found a transporter.
 12939 | Gauntlet | Found a transporter.
 12980 | Gauntlet | Found a transporter.
 13402 | Gauntlet | Identified the ring "Goenoif" {rElec rPois rCorr EV+5
                  | Str-5}
 13408 | Gauntlet | Reached skill level 4 in Stealth
 13408 | Gauntlet | Reached skill level 10 in Ice Magic
 13414 | Gauntlet | HP: 22/89 [meliai/+0 broad axe (7)]
 13416 | Gauntlet | HP: 10/89 [meliai/divine providence (12)]
 13423 | Gauntlet | HP: 6/89 [meliai/+4 hand axe (10)]
 13425 | Gauntlet | Killed from afar by a meliai

Illustrated notes

Levels and vault maps discovered:
D:1:      spicycebolla_green_bress_n_ham, layout_rooms, minivault_26,
          minmay_surrounded
D:2:      layout_basic, minmay_misc_feat_diagonals
D:3:      layout_rooms, chequers_ecumenical_altar_island,
          corexii_leaking_fountain
D:4:      layout_basic, mainiacjoe_overflow_catwalk_spiral, serial_shops,
          kennysheep_little_box, gammafunk_ghost_abyssal_escape
D:5:      layout_basic, feat_on_display, uniq_eustachio, uniq_blork_the_orc,
          uniq_menkaure
D:6:      layout_cave_pools, serial_shops, nicolae_inconvenience_store,
          gammafunk_ghost_cemetery, uniq_duvessa
D:7:      layout_loops_ring, mainiacjoe_overflow_alcove_2,
          minmay_temple_entry_poolview, grunt_ogre_cave, uniq_maggie
D:8:      layout_layer_cave, old_standard_altar, grunt_lair_entry_orc_guard_hut,
          minmay_misc_feat_nine_boxes, minmay_alternating_orb
D:9:      layout_loops_ring, nicolae_yredelemnul_ghost_church, uniq_grum,
          uniq_erolcha
D:10:     layout_layer_cave, tso_oasis_becter, nicolae_uskayaw_en_pointe,
          overflow_temple_1_default, dreamdust_princess_corridor,
          nicolae_shop_overcharged_wands
Lair:1:   layout_small_grid, serial_bayou_lagoon_a
Lair:2:   layout_regular_city, nicolae_snake_entry_squirm,
          gauntlet_entry_generic, chequers_serial_rivers_small_a,
          minmay_lindwurm_lava
Gauntlet: gammafunk_gauntlet_mixed_choke_point
          [minmay_gauntlet_arena_77_p_blocks, minmay_gauntlet_arena_77_braids,
          minmay_gauntlet_arena_77_terracotta_army,
          nicolae_gauntlet_arena_t_cross,
          minmay_gauntlet_arena_77_broken_ladder, minmay_gauntlet_arena_77_mess,
          minmay_gauntlet_arena_77_cramped, dreamdust_gauntlet_exit_labyrinth]

Skill      XL: |  1  2  3  4  5  6  7  8  9 10 11 |
---------------+----------------------------------+-----
Axes           | 2 |  2.9
Fighting       | 3 4 5 6 |  6.0
Armour         | 3 4 5 6 |  6.0
Shields        | 3 4 5 6 |  6.0
Short Blades   | 1 2 3 5 6 8 10 | 10.0
Ice Magic      | 1 5 8 10 | 10.1
Stealth        | 4 |  4.1

Action                     |  1- 3 |  4- 6 |  7- 9 | 10-12 || total
---------------------------+-------+-------+-------+-------++-------
  Melee: War axe           |   124 |       |       |       ||   124
         Dagger            |     3 |   134 |   390 |   490 ||  1017
  Throw: Dart              |       |     4 |     5 |       ||     9
    Use: Potion            |     2 |       |     2 |     2 ||     6
         Scroll            |     1 |     3 |    12 |     6 ||    22
   Stab: Sleeping          |       |       |       |     1 ||     1
 Armour: Scale mail        |    51 |     1 |       |       ||    52
         Ring mail         |       |    57 |   111 |   118 ||   286
  Dodge: Dodged            |    57 |    62 |   148 |    95 ||   362
  Block: Buckler           |    34 |    38 |   107 |   144 ||   323
         Reflection        |       |       |       |     1 ||     1

Table legend: (Time is in decaauts)
 A = Elapsed time spent in this place.
 B = Non-inter-level travel time spent in this place.
 C = Inter-level travel time spent in this place.
 D = Time resting spent in this place.
 E = Time spent auto-exploring this place.
 F = Levels seen in this place.
 G = Mean time per level.
                   A        B        C        D        E       F      G
               +--------+--------+--------+--------+--------+-----+--------+
         Total |  13176 |  12626 |    550 |   1986 |   8387 |  13 | 1013.5 |
       Dungeon |  11495 |  11001 |    494 |   1679 |   7428 |  10 | 1149.5 |
          Lair |   1134 |   1079 |     55 |     74 |    801 |   2 |  567.0 |
      Gauntlet |    546 |    546 |      0 |    233 |    158 |   1 |  546.0 |
               +--------+--------+--------+--------+--------+-----+--------+

Top non-repeatable levels by time:
     D:7: 2043 daAuts
     D:8: 1961 daAuts
    D:10: 1280 daAuts
     D:6: 1077 daAuts
  Lair:1: 1069 daAuts
     D:4: 1055 daAuts
     D:3: 910 daAuts
     D:5: 856 daAuts
     D:2: 839 daAuts
     D:9: 782 daAuts
     D:1: 689 daAuts
Gauntlet: 546 daAuts
  Lair:2: 64 daAuts

Table legend:
 A = Kills in this place as a percentage of kills in entire the game.
 B = Kills by you in this place as a percentage of kills by you in the entire game.
 C = Kills by friends in this place as a percentage of kills by friends in the entire game.
 D = Other kills in this place as a percentage of other kills in the entire game.
 E = Experience gained in this place as a percentage of experience gained in the entire game.
 F = Experience gained in this place divided by the number of levels of this place that you have seen.
                   A       B       C       D       E      F
               +-------+-------+-------+-------+-------+----------------------
         Total | 100.0 | 100.0 |   N/A |   N/A | 100.0 | 1457.1
       Dungeon |  89.4 |  89.4 |   N/A |   N/A |  66.1 | 1252.3
          Lair |   7.8 |   7.8 |   N/A |   N/A |  24.1 | 2283.5
      Gauntlet |   2.7 |   2.7 |   N/A |   N/A |   9.8 | 1852.0
               +-------+-------+-------+-------+-------+----------------------
